AoeStats
← Bonea

African Clearing

506626535Analyzed
4v4 RM · 17d ago on Sep 14, 2026· 25m 33s· 8 players
Game mode
Random Map
Map size
Large (8 player)
Population
200
Speed
Normal
Resources
Standard
Victory
Conquest
Starting age
Dark Age
Ending age
Imperial Age
RankedLock teamsTeams togetherTeam positionsShared explorationLock speedFull tech treeHidden civsTurbo modeCheats
Victory
Defeat
🇩🇪 Vietnamese · Germany
1268
+16
🇻🇳 Inca · Vietnam
1267
+16
🇨🇳 Koreans · China
1243
+17
🇨🇳 Mongols · China
1242
+17
🇨🇳 Berbers · China
1334
-20
🇨🇳 Maya · China
1299
-18
🇭🇰 Mongols · Hong Kong SAR China
1297
-18
🇨🇳 Poles · China
1108
-10
Olli
10:50 Loom
12:47 Feudal Age
17:37 Castle Age
16:14 Double-Bit Axe
17:32 Stone Mining
gianghodd01
7:46 Loom
14:29 Feudal Age
15:45 Double-Bit Axe
15:41 Horse Collar
19:41 Castle Age
17:05 Champi Runner
17:47 Scale Mail Armor
18:06 Arson
18:36 Forging
18:36 Gold Mining
19:55 Wheelbarrow
19:44 Champi Warrior
20:25 Squires
psrycc
3:33 Loom
14:08 Feudal Age
20:13 Castle Age
18:31 Double-Bit Axe
19:17 Gold Mining
22:03 Wheelbarrow
21:59 Bow Saw
24:36 Fletching
Bonea
8:28 Loom
12:34 Feudal Age
16:56 Castle Age
15:10 Double-Bit Axe
15:06 Horse Collar
21:53 Fletching
23:52 Bodkin Arrow
8216699
12:28 Feudal Age
13:02 Feudal Age
16:49 Castle Age
16:02 Forging
17:05 Double-Bit Axe
18:45 Bloodlines
18:35 Husbandry
20:49 Husbandry
20:49 Horse Collar
23:43 Wheelbarrow
24:31 Scale Barding Armor
25:56 Chain Barding Armor
noob9527
4:45 Loom
15:25 Feudal Age
16:00 Double-Bit Axe
20:57 Castle Age
18:55 Horse Collar
用爱感化队友
13:11 Feudal Age
13:56 Loom
17:40 Castle Age
16:38 Fletching
16:36 Double-Bit Axe
18:38 Bow Saw
精锐南林林林
7:53 Loom
14:40 Feudal Age
15:53 Double-Bit Axe
19:47 Castle Age
18:14 Gold Mining
19:34 Horse Collar
20:44 Bow Saw
21:57 Fletching
23:07 Bodkin Arrow
25:47 Padded Archer Armor
26:24 Wheelbarrow
Connection lost

Rejoining the realm…

Still unreachable

The connection could not be restored.

Session expired

The server has moved on; the page needs a fresh start.